TOP OF THE 1ST |
Thunder Bay Northern Lions BC batting - Pitching for Ft. Worth Cattlemen : LHP Gustavo Tobías
|
Pitching: LHP Gustavo Tobías
|
|
Batting: LHB Ramón Padilla
|
0-0: Ball 1-0: Ball 2-0: Called Strike 2-1: Ball 3-1: Foul Ball, location: 2F 3-2: Fly out, F9 (Line Drive, 9, EV 101.9 MPH)
|
Batting: RHB Griffin Woodfinlevine
|
0-0: Ground out 4-3 (Groundball, 4, EV 93.1 MPH)
|
Batting: LHB Keaton Kringlen
|
0-0: Ball 1-0: Ball 2-0: SINGLE (Flyball, 3D, EV 96.2 MPH)
|
Batting: LHB Sébastien Cornu
|
0-0: Foul Ball, location: 2F 0-1: Called Strike 0-2: Foul Ball, location: 2F 0-2: Ball 1-2: Fly out, F7 (Flyball, 7S, EV 93.1 MPH)
|
Top of the 1st over - 0 runs, 1 hit, 0 errors, 1 left on base; Thunder Bay 0 - Ft. Worth 0 |
BOTTOM OF THE 1ST |
Ft. Worth Cattlemen batting - Pitching for Thunder Bay Northern Lions BC : RHP David Schrattenthaler
|
Pitching: RHP David Schrattenthaler
|
|
Batting: RHB Jurgen Flurgenburgen
|
0-0: Ball 1-0: Ball 2-0: SOLO HOME RUN (Flyball, 9D, EV 96.9 MPH), Distance : 380 ft
|
Batting: LHB Count Dante
|
0-0: Called Strike 0-1: Swinging Strike 0-2: Strikes out swinging
|
Batting: LHB Semo Hoaloha
|
0-0: Foul Ball, location: 2F 0-1: Ball 1-1: Ball 2-1: Foul Ball, location: 2F 2-2: Ball 3-2: Base on Balls
|
Batting: SHB Kolby Hay
|
0-0: Ball 1-0: Ball 2-0: DOUBLE (Groundball, 5L, EV 103.1 MPH) Semo Hoaloha to third Runner from 3rd tries for Home, SAFE, no throw by LF
|
Batting: LHB Jorge Alejándrez
|
0-0: SINGLE (Groundball, 4MD, EV 109.4 MPH) Kolby Hay to third Runner from 3rd tries for Home, SAFE, throw by CF to home
|
Batting: RHB Omer Yurtseven
|
0-0: Called Strike 0-1: Foul Ball, location: 2F 0-2: Ball 1-2: Fly out, F9 (Flyball, 9S, EV 93.8 MPH)
|
Batting: LHB Tippi Degré
|
0-0: Ball 1-0: Called Strike 1-1: SINGLE (Groundball, 34D, EV 104.4 MPH) Jorge Alejándrez to second Runner from 2nd tries for 3rd, SAFE, throw by RF made to third
|
Batting: RHB Dennis Wacher
|
0-0: SINGLE (Line Drive, 8LM, EV 89.4 MPH) Jorge Alejándrez scores Tippi Degré to second
|
Batting: SHB Bren Spillane
|
0-0: Swinging Strike 0-1: Ball 1-1: Ball 2-1: Fly out, F9 (Flyball, 89S, EV 90.0 MPH)
|
Bottom of the 1st over - 4 runs, 5 hits, 0 errors, 2 left on base; Thunder Bay 0 - Ft. Worth 4 |
TOP OF THE 2ND |
Thunder Bay Northern Lions BC batting - Pitching for Ft. Worth Cattlemen : LHP Gustavo Tobías
|
Batting: RHB Curf Pierstisnips
|
0-0: TRIPLE (Line Drive, 7D, EV 107.5 MPH)
|
Batting: LHB Yao-pang Chiang
|
0-0: Foul Ball, location: 2F 0-1: Foul Ball, location: 2F 0-2: Ball 1-2: Fly out, F7 (Line Drive, 7, EV 88.8 MPH) Runner from 3rd tags up, SCORES, no throw by LF
|
Batting: RHB Dusty Crum
|
0-0: Ball 1-0: Called Strike 1-1: Fly out, F8 (Flyball, 8RS, EV 85.6 MPH)
|
Batting: RHB Charles Josse
|
0-0: Fly out, F1 (Line Drive, P, EV 69.4 MPH)
|
Top of the 2nd over - 1 run, 1 hit, 0 errors, 0 left on base; Thunder Bay 1 - Ft. Worth 4 |
BOTTOM OF THE 2ND |
Ft. Worth Cattlemen batting - Pitching for Thunder Bay Northern Lions BC : RHP David Schrattenthaler
|
Batting: RHB Jurgen Flurgenburgen
|
0-0: SINGLE (Groundball, 15, EV 71.9 MPH) (infield hit)
|
Batting: LHB Count Dante
|
0-0: Swinging Strike 0-1: Ball 1-1: Ball 2-1: Ball 3-1: Fielders Choice at 2nd, 3-6 (Groundball, 3, EV 83.8 MPH)
|
Batting: LHB Semo Hoaloha
|
0-0: Foul Ball, location: 2F 0-1: Swinging Strike 0-2: Fly out, F7 (Line Drive, 7, EV 106.2 MPH)
|
Batting: SHB Kolby Hay
|
0-0: Ball 1-0: Foul Ball, location: 2F 1-1: Fly out, F5 (Line Drive, 5, EV 66.2 MPH)
|
Bottom of the 2nd over - 0 runs, 1 hit, 0 errors, 1 left on base; Thunder Bay 1 - Ft. Worth 4 |
TOP OF THE 3RD |
Thunder Bay Northern Lions BC batting - Pitching for Ft. Worth Cattlemen : LHP Gustavo Tobías
|
Batting: LHB Barry Flauker
|
0-0: Called Strike 0-1: Ball 1-1: Ball 2-1: Ground out 4-3 (Groundball, 4, EV 90.6 MPH)
|
Batting: LHB Ramón Padilla
|
0-0: Ball 1-0: Swinging Strike 1-1: Called Strike 1-2: Foul Ball, location: 2F 1-2: Ball 2-2: Strikes out swinging
|
Batting: RHB Griffin Woodfinlevine
|
0-0: Ball 1-0: Ground out 6-3 (Groundball, 6M, EV 86.2 MPH)
|
Top of the 3rd over - 0 runs, 0 hits, 0 errors, 0 left on base; Thunder Bay 1 - Ft. Worth 4 |
BOTTOM OF THE 3RD |
Ft. Worth Cattlemen batting - Pitching for Thunder Bay Northern Lions BC : RHP David Schrattenthaler
|
Batting: LHB Jorge Alejándrez
|
0-0: Fly out, F9 (Flyball, 89S, EV 83.8 MPH)
|
Batting: RHB Omer Yurtseven
|
0-0: Ball 1-0: Swinging Strike 1-1: Foul Ball, location: 2F 1-2: Foul Ball, location: 2F 1-2: Strikes out looking
|
Batting: LHB Tippi Degré
|
0-0: Ground out 1-3 (Groundball, 13S, EV 64.4 MPH)
|
Bottom of the 3rd over - 0 runs, 0 hits, 0 errors, 0 left on base; Thunder Bay 1 - Ft. Worth 4 |
TOP OF THE 4TH |
Thunder Bay Northern Lions BC batting - Pitching for Ft. Worth Cattlemen : LHP Gustavo Tobías
|
Batting: LHB Keaton Kringlen
|
0-0: Called Strike 0-1: Ball 1-1: Foul Ball, location: 2F 1-2: Foul Ball, location: 2F 1-2: Ball 2-2: SINGLE (Groundball, 4MD, EV 95.0 MPH)
|
Batting: LHB Sébastien Cornu
|
0-0: Called Strike 0-1: Ball 1-1: Ball 2-1: Ball 3-1: Base on Balls Keaton Kringlen to second
|
Batting: RHB Curf Pierstisnips
|
0-0: Ball 1-0: Ball 2-0: Called Strike 2-1: SINGLE (Line Drive, 34D, EV 105.6 MPH) Keaton Kringlen to third Sébastien Cornu to second Runner from 3rd tries for Home, SAFE, throw by RF to home
|
Batting: LHB Yao-pang Chiang
|
0-0: Ball 1-0: Called Strike 1-1: Ball 2-1: Fly out, F8 (Flyball, 8LXD, EV 97.5 MPH) Runner from 2nd tags up, SAFE at 3rd, no throw by CF
|
Batting: RHB Dusty Crum
|
0-0: SINGLE (Line Drive, 6M, EV 96.2 MPH) Sébastien Cornu scores Curf Pierstisnips to second
|
Batting: RHB Charles Josse
|
0-0: Ball 1-0: Ball 2-0: Swinging Strike 2-1: Ball 3-1: Base on Balls Curf Pierstisnips to third Dusty Crum to second
|
Batting: LHB Barry Flauker
|
0-0: Grounds out, U3 (Groundball, 3L, EV 111.9 MPH) Curf Pierstisnips scores Dusty Crum to third
|
Batting: LHB Ramón Padilla
|
0-0: Called Strike 0-1: Ground out 6-3 (Groundball, 4M, EV 86.9 MPH)
|
Top of the 4th over - 3 runs, 3 hits, 0 errors, 2 left on base; Thunder Bay 4 - Ft. Worth 4 |
BOTTOM OF THE 4TH |
Ft. Worth Cattlemen batting - Pitching for Thunder Bay Northern Lions BC : RHP David Schrattenthaler
|
Batting: RHB Dennis Wacher
|
0-0: Fly out, F9 (Flyball, 89D, EV 102.5 MPH)
|
Batting: SHB Bren Spillane
|
0-0: Ball 1-0: Foul Ball, location: 2F 1-1: Swinging Strike 1-2: Ball 2-2: Fly out, F9 (Flyball, 89D, EV 93.8 MPH)
|
Batting: RHB Jurgen Flurgenburgen
|
0-0: Ball 1-0: Ground out U3 (Groundball, 34, EV 103.1 MPH)
|
Bottom of the 4th over - 0 runs, 0 hits, 0 errors, 0 left on base; Thunder Bay 4 - Ft. Worth 4 |
TOP OF THE 5TH |
Thunder Bay Northern Lions BC batting - Pitching for Ft. Worth Cattlemen : LHP Gustavo Tobías
|
Batting: RHB Griffin Woodfinlevine
|
0-0: Ball 1-0: SINGLE (Groundball, 34D, EV 94.4 MPH)
|
Batting: LHB Keaton Kringlen
|
0-0: Called Strike 0-1: Fly out, F5 (Flyball, 56D, EV 90.0 MPH)
|
Batting: LHB Sébastien Cornu
|
0-0: Foul Ball, location: 2F 0-1: Ball 1-1: Grounds into double play, 1-6-3 (Groundball, 23, EV 67.5 MPH)
|
Top of the 5th over - 0 runs, 1 hit, 0 errors, 0 left on base; Thunder Bay 4 - Ft. Worth 4 |
BOTTOM OF THE 5TH |
Ft. Worth Cattlemen batting - Pitching for Thunder Bay Northern Lions BC : RHP David Schrattenthaler
|
Batting: LHB Count Dante
|
0-0: SINGLE (Groundball, 4, EV 87.5 MPH) (infield hit)
|
Batting: LHB Semo Hoaloha
|
0-0: Grounds into double play, 5-4-3 (Groundball, 5L, EV 102.5 MPH)
|
Batting: SHB Kolby Hay
|
0-0: Ball 1-0: DOUBLE (Line Drive, 9LD, EV 101.9 MPH)
|
Batting: LHB Jorge Alejándrez
|
0-0: Called Strike 0-1: Ball 1-1: Fly out, F9 (Flyball, 89D, EV 106.9 MPH)
|
Bottom of the 5th over - 0 runs, 2 hits, 0 errors, 1 left on base; Thunder Bay 4 - Ft. Worth 4 |
TOP OF THE 6TH |
Thunder Bay Northern Lions BC batting - Pitching for Ft. Worth Cattlemen : LHP Gustavo Tobías
|
Batting: RHB Curf Pierstisnips
|
0-0: Swinging Strike 0-1: Ball 1-1: Foul Ball, location: 2F 1-2: Ball 2-2: Strikes out looking
|
Batting: LHB Yao-pang Chiang
|
0-0: Foul Ball, location: 2F 0-1: Ball 1-1: Swinging Strike 1-2: Strikes out swinging
|
Batting: RHB Dusty Crum
|
0-0: Ball 1-0: Called Strike 1-1: Foul Ball, location: 2F 1-2: Strikes out looking
|
Top of the 6th over - 0 runs, 0 hits, 0 errors, 0 left on base; Thunder Bay 4 - Ft. Worth 4 |
BOTTOM OF THE 6TH |
Ft. Worth Cattlemen batting - Pitching for Thunder Bay Northern Lions BC : RHP David Schrattenthaler
|
Batting: RHB Omer Yurtseven
|
0-0: Called Strike 0-1: Called Strike 0-2: Strikes out swinging
|
Batting: LHB Tippi Degré
|
0-0: Called Strike 0-1: Ball 1-1: Ball 2-1: SINGLE (Flyball, 78S, EV 91.9 MPH)
|
Batting: RHB Dennis Wacher
|
0-0: Ball 1-0: Ball 2-0: SINGLE (Line Drive, 6MD, EV 93.8 MPH) Tippi Degré to second
|
Batting: SHB Bren Spillane
|
0-0: Ground out 6-3 (Groundball, 6MS, EV 79.4 MPH) Tippi Degré to third Dennis Wacher to second
|
Batting: RHB Jurgen Flurgenburgen
|
0-0: Foul Ball, location: 2F 0-1: Foul Ball, location: 2F 0-2: SINGLE (Groundball, 6MD, EV 106.2 MPH) Tippi Degré scores Dennis Wacher to third Runner from 3rd tries for Home, SAFE, throw by CF to home
|
Pitching: RHP Carlos González
|
|
Batting: LHB Count Dante
|
0-0: Called Strike 0-1: Foul Ball, location: 2F 0-2: Ball 1-2: Fly out, F9 (Flyball, 9S, EV 77.5 MPH)
|
Bottom of the 6th over - 2 runs, 3 hits, 0 errors, 1 left on base; Thunder Bay 4 - Ft. Worth 6 |
TOP OF THE 7TH |
Thunder Bay Northern Lions BC batting - Pitching for Ft. Worth Cattlemen : LHP Gustavo Tobías
|
Batting: RHB Charles Josse
|
0-0: Ball 1-0: Foul Ball, location: 2F 1-1: Ball 2-1: Foul Ball, location: 2F 2-2: Ground out 5-3 (Groundball, 56, EV 86.9 MPH)
|
Batting: LHB Barry Flauker
|
0-0: Swinging Strike 0-1: Fly out, F8 (Flyball, 8RM, EV 81.2 MPH)
|
Batting: LHB Ramón Padilla
|
0-0: Called Strike 0-1: Ball 1-1: Swinging Strike 1-2: Ball 2-2: SINGLE (Groundball, 25, EV 65.0 MPH) (infield hit)
|
Pitching: RHP WyDale Curry
|
|
Batting: RHB Griffin Woodfinlevine
|
0-0: DOUBLE (Line Drive, 7LS, EV 95.0 MPH) Ramón Padilla to third Runner from 3rd tries for Home, SAFE, throw by LF to trailing runner, SAFE at third!
|
Batting: LHB Keaton Kringlen
|
0-0: Ball Wild Pitch! Griffin Woodfinlevine scores 1-0: Fly out, F7 (Flyball, 7S, EV 82.5 MPH)
|
Top of the 7th over - 2 runs, 2 hits, 0 errors, 0 left on base; Thunder Bay 6 - Ft. Worth 6 |
BOTTOM OF THE 7TH |
Ft. Worth Cattlemen batting - Pitching for Thunder Bay Northern Lions BC : RHP Carlos González
|
Batting: LHB Semo Hoaloha
|
0-0: SINGLE (Groundball, 34D, EV 98.8 MPH)
|
Batting: SHB Kolby Hay
|
0-0: Ball 1-0: Foul Ball, location: 2F 1-1: Fielders Choice at 2nd, 2-6 (Groundball, 2R, EV 63.8 MPH)
|
Batting: LHB Jorge Alejándrez
|
0-0: Called Strike 0-1: Foul Ball, location: 2F 0-2: Ball 1-2: Ball 2-2: Ground out U3 (Groundball, 3L, EV 101.9 MPH) Kolby Hay to second
|
Batting: RHB Omer Yurtseven
|
0-0: Ball 1-0: Ground out 6-3 (Groundball, 6, EV 79.4 MPH)
|
Bottom of the 7th over - 0 runs, 1 hit, 0 errors, 1 left on base; Thunder Bay 6 - Ft. Worth 6 |
TOP OF THE 8TH |
Thunder Bay Northern Lions BC batting - Pitching for Ft. Worth Cattlemen : RHP WyDale Curry
|
Batting: LHB Sébastien Cornu
|
0-0: Ball 1-0: Swinging Strike 1-1: SINGLE (Line Drive, 78S, EV 100.6 MPH)
|
Batting: RHB Curf Pierstisnips
|
0-0: Swinging Strike 0-1: Ball 1-1: Ball 2-1: Foul Ball, location: 2F 2-2: Ball 3-2: Foul Ball, location: 2F 3-2: Strikes out looking
|
Batting: LHB Yao-pang Chiang
|
0-0: Called Strike 0-1: Swinging Strike 0-2: Grounds into double play, 5-4-3 (Groundball, 56, EV 85.0 MPH)
|
Top of the 8th over - 0 runs, 1 hit, 0 errors, 0 left on base; Thunder Bay 6 - Ft. Worth 6 |
BOTTOM OF THE 8TH |
Ft. Worth Cattlemen batting - Pitching for Thunder Bay Northern Lions BC : RHP Carlos González
|
Batting: LHB Tippi Degré
|
0-0: Ball 1-0: Fly out, F8 (Flyball, 8LM, EV 81.2 MPH)
|
Batting: RHB Dennis Wacher
|
0-0: Ball 1-0: Fly out, F8 (Flyball, 78D, EV 95.0 MPH)
|
Batting: SHB Bren Spillane
|
0-0: Ball 1-0: DOUBLE (Flyball, 8RXD, EV 107.5 MPH)
|
Batting: RHB Jurgen Flurgenburgen
|
0-0: Ground out 6-3 (Groundball, 56, EV 96.2 MPH)
|
Bottom of the 8th over - 0 runs, 1 hit, 0 errors, 1 left on base; Thunder Bay 6 - Ft. Worth 6 |
TOP OF THE 9TH |
Thunder Bay Northern Lions BC batting - Pitching for Ft. Worth Cattlemen : RHP WyDale Curry
|
Pitching: RHP Jack Buyse
|
|
Batting: RHB Dusty Crum
|
0-0: Ball 1-0: Ground out 6-3 (Groundball, 6, EV 82.5 MPH)
|
Batting: RHB Charles Josse
|
0-0: Called Strike 0-1: Foul Ball, location: 2F 0-2: Ball 1-2: Strikes out swinging
|
Batting: LHB Barry Flauker
|
0-0: Ball 1-0: Called Strike 1-1: Ball 2-1: Foul Ball, location: 2F 2-2: Foul Ball, location: 2F 2-2: Ground out 1-3 (Groundball, P, EV 56.2 MPH)
|
Top of the 9th over - 0 runs, 0 hits, 0 errors, 0 left on base; Thunder Bay 6 - Ft. Worth 6 |
BOTTOM OF THE 9TH |
Ft. Worth Cattlemen batting - Pitching for Thunder Bay Northern Lions BC : RHP Carlos González
|
Pitching: RHP Greg Hoover
|
|
Batting: LHB Count Dante
|
0-0: Ball 1-0: Swinging Strike 1-1: Foul Ball, location: 2F 1-2: Strikes out looking
|
Batting: LHB Semo Hoaloha
|
0-0: Ball 1-0: Ball 2-0: SINGLE (Groundball, 4MD, EV 95.6 MPH)
|
Batting: SHB Kolby Hay
|
0-0: Called Strike 0-1: Ball 1-1: Ball 2-1: DOUBLE (Line Drive, 89D, EV 104.4 MPH) Semo Hoaloha to third
|
Batting: LHB Jorge Alejándrez
|
0-0: Foul Ball, location: 2F 0-1: Ball 1-1: Ball 2-1: Ball 3-1: Foul Ball, location: 2F 3-2: Base on Balls
|
Batting: RHB Omer Yurtseven
|
0-0: Called Strike 0-1: Foul Ball, location: 2F 0-2: Ball 1-2: Fly out, F8 (Flyball, 8LD, EV 100.6 MPH)
|
Batting: LHB Tippi Degré
|
0-0: Called Strike 0-1: Ball 1-1: Ball 2-1: Foul Ball, location: 2F 2-2: Strikes out looking
|
Bottom of the 9th over - 0 runs, 2 hits, 0 errors, 3 left on base; Thunder Bay 6 - Ft. Worth 6 |
TOP OF THE 10TH |
Thunder Bay Northern Lions BC batting - Pitching for Ft. Worth Cattlemen : RHP Jack Buyse
|
Batting: LHB Ramón Padilla
|
0-0: Ball 1-0: Called Strike 1-1: SINGLE (Groundball, 4MD, EV 96.9 MPH)
|
Batting: RHB Griffin Woodfinlevine
|
0-0: Foul Ball, location: 2F 0-1: Ball 1-1: Bunted foul 1-2: SINGLE (Flyball, 7LS, EV 89.4 MPH) Ramón Padilla to second
|
Batting: LHB Keaton Kringlen
|
0-0: Called Strike 0-1: Called Strike 0-2: Ball 1-2: Strikes out looking
|
Batting: LHB Sébastien Cornu
|
0-0: Called Strike 0-1: Ball 1-1: Fly out, F9 (Flyball, 89D, EV 92.5 MPH) Runner from 2nd tags up, SAFE at 3rd, no throw by RF
|
Batting: RHB Curf Pierstisnips
|
0-0: Called Strike 0-1: Swinging Strike 0-2: Strikes out swinging
|
Top of the 10th over - 0 runs, 2 hits, 0 errors, 2 left on base; Thunder Bay 6 - Ft. Worth 6 |
BOTTOM OF THE 10TH |
Ft. Worth Cattlemen batting - Pitching for Thunder Bay Northern Lions BC : RHP Greg Hoover
|
Pitching: LHP Masamichi Nakagawa
|
|
Batting: RHB Dennis Wacher
|
0-0: TRIPLE (Line Drive, 89XD, EV 112.5 MPH)
|
Pitching: RHP Jorge Souza
|
|
Batting: SHB Bren Spillane
|
0-0: Swinging Strike 0-1: Ball 1-1: Called Strike 1-2: Strikes out swinging
|
Batting: RHB Jurgen Flurgenburgen
|
0-0: Ball 1-0: Ball 2-0: Ball 3-0: Base on Balls
|
Batting: LHB Count Dante
|
0-0: Ball 1-0: Ball 2-0: Called Strike 2-1: Foul Ball, location: 2F 2-2: Ground out 5-3 (Groundball, 56S, EV 66.9 MPH) Jurgen Flurgenburgen to second
|
Batting: LHB Semo Hoaloha
|
0-0: Fly out, F8 (Flyball, 8LS, EV 91.9 MPH)
|
Bottom of the 10th over - 0 runs, 1 hit, 0 errors, 2 left on base; Thunder Bay 6 - Ft. Worth 6 |
TOP OF THE 11TH |
Thunder Bay Northern Lions BC batting - Pitching for Ft. Worth Cattlemen : RHP Jack Buyse
|
Pitching: RHP Blair Wright
|
|
Batting: LHB Yao-pang Chiang
|
0-0: Ball 1-0: Ball 2-0: Ball 3-0: Called Strike 3-1: Base on Balls
|
Batting: RHB Dusty Crum
|
0-0: Foul Ball, location: 2F 0-1: Ball 1-1: Ball 2-1: Foul Ball, location: 2F 2-2: Ball 3-2: Grounds into double play, 5-4-3 (Groundball, 56S, EV 83.8 MPH)
|
Batting: RHB Charles Josse
|
0-0: Foul Ball, location: 2F 0-1: Foul Ball, location: 2F 0-2: Foul Ball, location: 2F 0-2: Ball 1-2: Hit by Pitch
|
Batting: LHB Barry Flauker
|
0-0: Ball 1-0: Called Strike 1-1: Ball Charles Josse is caught stealing 2nd base 2-6
|
Top of the 11th over - 0 runs, 0 hits, 0 errors, 0 left on base; Thunder Bay 6 - Ft. Worth 6 |
BOTTOM OF THE 11TH |
Ft. Worth Cattlemen batting - Pitching for Thunder Bay Northern Lions BC : RHP Jorge Souza
|
Batting: SHB Kolby Hay
|
0-0: Ball 1-0: Called Strike 1-1: Ball 2-1: Swinging Strike 2-2: Fly out, F8 (Line Drive, 8LD, EV 90.6 MPH)
|
Batting: LHB Jorge Alejándrez
|
0-0: Foul Ball, location: 2F 0-1: Ball 1-1: Ball 2-1: Called Strike 2-2: Foul Ball, location: 2F 2-2: Strikes out swinging
|
Batting: RHB Omer Yurtseven
|
0-0: Called Strike 0-1: Ball 1-1: Ball 2-1: Ground out 4-3 (Groundball, 4, EV 90.0 MPH)
|
Bottom of the 11th over - 0 runs, 0 hits, 0 errors, 0 left on base; Thunder Bay 6 - Ft. Worth 6 |
TOP OF THE 12TH |
Thunder Bay Northern Lions BC batting - Pitching for Ft. Worth Cattlemen : RHP Blair Wright
|
Batting: LHB Barry Flauker
|
0-0: Called Strike 0-1: Ball 1-1: Ground out 6-3 (Groundball, 6, EV 101.9 MPH)
|
Batting: LHB Ramón Padilla
|
0-0: Called Strike 0-1: Called Strike 0-2: Ball 1-2: Foul Ball, location: 2F 1-2: DOUBLE (Flyball, 89XD, EV 94.4 MPH)
|
Batting: RHB Griffin Woodfinlevine
|
0-0: Ball Ramón Padilla steals 3rd base 1-0: Ball 2-0: Ball 3-0: Called Strike 3-1: Fly out, F5 (Popup, 5F, EV 73.8 MPH)
|
Batting: LHB Keaton Kringlen
|
0-0: Intentional Walk
|
Batting: LHB Sébastien Cornu
|
0-0: Swinging Strike 0-1: Ball 1-1: Ball 2-1: Ball 3-1: Swinging Strike 3-2: Fly out, F8 (Line Drive, 8RD, EV 97.5 MPH)
|
Top of the 12th over - 0 runs, 1 hit, 0 errors, 2 left on base; Thunder Bay 6 - Ft. Worth 6 |
BOTTOM OF THE 12TH |
Ft. Worth Cattlemen batting - Pitching for Thunder Bay Northern Lions BC : RHP Jorge Souza
|
Pitching: LHP Peace Addo
|
|
Batting: LHB Tippi Degré
|
0-0: Called Strike 0-1: Ball 1-1: SINGLE (Groundball, 34D, EV 107.5 MPH)
|
Batting: RHB Dennis Wacher
|
0-0: Grounds into double play, 1-6-3 (Groundball, 13, EV 91.2 MPH)
|
Pinch Hitting: RHB Scotty Glenn
|
0-0: Ground out 6-3 (Groundball, 56, EV 98.8 MPH)
|
Bottom of the 12th over - 0 runs, 1 hit, 0 errors, 0 left on base; Thunder Bay 6 - Ft. Worth 6 |
TOP OF THE 13TH |
Thunder Bay Northern Lions BC batting - Pitching for Ft. Worth Cattlemen : RHP Blair Wright
|
Pitching: RHP Dragutin Petrovic
|
|
Now at SS: Lonnie Doble
|
|
Batting: RHB Curf Pierstisnips
|
0-0: Fly out, F7 (Flyball, 7LM, EV 92.5 MPH)
|
Batting: LHB Yao-pang Chiang
|
0-0: Foul Ball, location: 2F 0-1: Ball 1-1: Ball 2-1: Ground out 5-3 (Groundball, 5, EV 101.2 MPH)
|
Batting: RHB Dusty Crum
|
0-0: Foul Ball, location: 2F 0-1: Ball 1-1: Ball 2-1: Foul Ball, location: 2F 2-2: Ground out 5-3 (Groundball, 56, EV 111.9 MPH)
|
Top of the 13th over - 0 runs, 0 hits, 0 errors, 0 left on base; Thunder Bay 6 - Ft. Worth 6 |
BOTTOM OF THE 13TH |
Ft. Worth Cattlemen batting - Pitching for Thunder Bay Northern Lions BC : LHP Peace Addo
|
Batting: RHB Jurgen Flurgenburgen
|
0-0: Ball 1-0: Ball 2-0: Foul Ball, location: 2F 2-1: Foul Ball, location: 2F 2-2: Ball 3-2: Strikes out looking
|
Batting: LHB Count Dante
|
0-0: Ball 1-0: Reached via error on a dropped throw from 2B, E3 (Groundball, 4, EV 81.2 MPH)
|
Batting: LHB Semo Hoaloha
|
0-0: Ball 1-0: Ball 2-0: Called Strike 2-1: Called Strike 2-2: Foul Ball, location: 2F 2-2: Foul Ball, location: 2F 2-2: Ball 3-2: Foul Ball, location: 2F 3-2: Foul Ball, location: 2F 3-2: Ground out 5-3 (Groundball, 56S, EV 90.0 MPH) Count Dante to second
|
Batting: SHB Kolby Hay
|
0-0: Intentional Walk
|
Batting: LHB Jorge Alejándrez
|
0-0: Called Strike 0-1: Ball 1-1: Foul Ball, location: 2F 1-2: Fly out, F7 (Flyball, 7S, EV 76.2 MPH)
|
Bottom of the 13th over - 0 runs, 0 hits, 1 error, 2 left on base; Thunder Bay 6 - Ft. Worth 6 |
TOP OF THE 14TH |
Thunder Bay Northern Lions BC batting - Pitching for Ft. Worth Cattlemen : RHP Dragutin Petrovic
|
Batting: RHB Charles Josse
|
0-0: Ball 1-0: Fly out, F9 (Flyball, 9S, EV 89.4 MPH)
|
Batting: LHB Barry Flauker
|
0-0: Ball 1-0: Ground out 1-3 (Groundball, 13, EV 90.6 MPH)
|
Batting: LHB Ramón Padilla
|
0-0: Foul Ball, location: 2F 0-1: Ball 1-1: Fly out, F4 (Popup, 4MD, EV 58.1 MPH)
|
Top of the 14th over - 0 runs, 0 hits, 0 errors, 0 left on base; Thunder Bay 6 - Ft. Worth 6 |
BOTTOM OF THE 14TH |
Ft. Worth Cattlemen batting - Pitching for Thunder Bay Northern Lions BC : LHP Peace Addo
|
Batting: RHB Omer Yurtseven
|
0-0: Ball 1-0: Swinging Strike 1-1: DOUBLE (Flyball, 8RXD, EV 109.4 MPH)
|
Pitching: RHP Mike Dean
|
|
Batting: LHB Tippi Degré
|
0-0: Foul Ball, location: 2F 0-1: Swinging Strike 0-2: Strikes out swinging
|
Batting: RHB Dennis Wacher
|
0-0: Ball 1-0: Called Strike 1-1: Foul Ball, location: 2F 1-2: Ball 2-2: Fly out, F8 (Line Drive, 8RM, EV 86.9 MPH) Throwing error, E8 Omer Yurtseven scores
|
|
Friday, March 26th, 2021 - OOTP Baseball 20.8 Build 74
|
|